AoeStats
← PetForMeows

Lombardia

510072547Analyzed
2v2 RM · 2d ago on Sep 29, 2026· 56m 13s· 4 players
Game mode
Random Map
Map size
Medium (4 player)
Population
200
Speed
Normal
Resources
Standard
Victory
Conquest
Starting age
Dark Age
Ending age
Imperial Age
RankedLock teamsTeams togetherTeam positionsShared explorationLock speedFull tech treeHidden civsTurbo modeCheats
Victory
Defeat
🇵🇱 Spanish · Poland
964
+14
🇷🇺 Berbers · Russia
940
+15
🇦🇺 Byzantines · Australia
925
-16
🇦🇺 Italians · Australia
895
-13
rev4rd
1:18 Loom
11:06 Feudal Age
11:37 Double-Bit Axe
12:44 Bloodlines
16:31 Horse Collar
22:21 Castle Age
22:43 Forging
22:39 Scale Barding Armor
22:39 Padded Archer Armor
22:29 Fletching
22:58 Crossbowman
24:14 Thumb Ring
24:52 Iron Casting
24:33 Pikeman
31:12 Chain Barding Armor
32:38 Bow Saw
36:50 Imperial Age
36:56 Imperial Age
37:18 Onager
38:08 Elite Genitour
46:09 Blast Furnace
45:04 Bodkin Arrow
45:45 Plate Barding Armor
47:42 Bracer
47:33 Cavalier
49:30 Chemistry
48:51 Ballistics
48:19 Arrowslits
49:02 Caravan
Kobas394
10:54 Feudal Age
10:58 Man-at-Arms
11:35 Double-Bit Axe
11:33 Horse Collar
12:25 Forging
12:15 Scale Mail Armor
12:19 Loom
15:11 Arson
22:13 Castle Age
22:25 Bloodlines
22:21 Scale Barding Armor
22:40 Gold Mining
23:33 Iron Casting
23:23 Heavy Plow
23:39 Bow Saw
24:08 Chain Barding Armor
24:42 Husbandry
26:15 Wheelbarrow
32:48 Long Swordsman
33:46 Chain Mail Armor
34:02 Herbal Medicine
37:58 Imperial Age
35:45 Hand Cart
35:57 Stone Mining
38:05 Ballistics
38:06 Fervor
38:16 Sanctity
39:45 Chemistry
39:54 Blast Furnace
39:24 Plate Mail Armor
39:31 Plate Barding Armor
38:20 Cavalier
40:36 Conscription
40:43 Conscription
41:29 Masonry
41:26 Inquisition
41:14 Pikeman
42:04 Squires
43:03 Guilds
42:17 Halberdier
43:29 Plate Mail Armor
44:03 Paladin
45:34 Padded Archer Armor
47:31 Architecture
46:24 Elite Conquistador
47:14 Caravan
50:09 Fletching
50:37 Leather Archer Armor
52:51 Ring Archer Armor
Jack
3:54 Loom
11:27 Feudal Age
11:53 Double-Bit Axe
12:02 Horse Collar
15:28 Arson
18:32 Man-at-Arms
19:20 Fletching
22:32 Stone Mining
25:27 Castle Age
25:08 Gold Mining
26:06 Pikeman
26:47 Squires
30:03 Wheelbarrow
28:57 Long Swordsman
31:10 Forging
31:01 Scale Mail Armor
31:01 Padded Archer Armor
30:57 Bodkin Arrow
31:56 Bow Saw
31:49 Heavy Plow
37:21 Imperial Age
35:07 Hand Cart
35:39 Fortified Wall
35:26 Murder Holes
35:52 Ballistics
38:34 Iron Casting
38:15 Chain Mail Armor
42:45 Elite Genoese Crossbowman
48:31 Caravan
PetForMeows
10:05 Feudal Age
10:49 Double-Bit Axe
12:42 Horse Collar
13:05 Gold Mining
13:08 Stone Mining
13:24 Scale Mail Armor
13:26 Padded Archer Armor
15:09 Fletching
18:27 Loom
20:10 Wheelbarrow
28:15 Castle Age
30:37 Hand Cart
30:46 Thumb Ring
30:50 Bodkin Arrow
30:31 Crossbowman
32:59 Pikeman
34:14 Squires
35:56 Murder Holes
40:38 Ballistics
43:39 Scale Barding Armor
43:46 Forging
43:52 Chain Mail Armor
50:48 Imperial Age
50:52 Elite Skirmisher
51:02 Halberdier
Connection lost

Rejoining the realm…

Still unreachable

The connection could not be restored.

Session expired

The server has moved on; the page needs a fresh start.